 Dungeon Crawl Stone Soup version 0.23.2-40-g277498a001 (webtiles) character file.

Game seed: 2079699480824863095

39857 ilSommo the Carver (level 13, -10/101 HPs)
             Began as a Mummy Chaos Knight on Oct 14, 2019.
             Was a Plaything of Xom.
             Killed from afar by a shock serpent (22 damage)
             ... with a bolt of electricity
             ... on level 6 of the Lair of Beasts.
             The game lasted 01:04:29 (22532 turns).

ilSommo the Carver (Mummy Chaos Knight)            Turns: 22532, Time: 01:04:30

Health: -10/101    AC: 21    Str: 20    XL:     13   Next: 71%
Magic:  27/27      EV:  5    Int: 11    God:    Xom [......]
Gold:   2856       SH: 11    Dex: 15    Spells: 27/32 levels left

rFire    . . .     SeeInvis .   c - +1 double sword (elec)
rCold    + . .     Gourm    .   D - +0 shield
rNeg     + + +     Faith    .   E - +5 chain mail of Weuppuox {Stlth+}
rPois    ∞         Spirit   .   A - +2 hat
rElec    .         Reflect  .   w - scarf {repulsion}
rCorr    .         Harm     .   y - +0 pair of gloves
MR       +....                  m - +1 pair of boots {Stlth+}
Stlth    ..........             (no amulet)
HPRegen  0.26/turn              q - +3 ring of dexterity
MPRegen  0.20/turn              t - ring of protection from fire

@: vertigo, repel missiles
A: no food or potions, fire vulnerability, cold resistance 1, negative energy
resistance 3, torment resistance, unbreathing, in touch with death 1
a: Renounce Religion


You were on level 6 of the Lair of Beasts.
You worshipped Xom.
You were a very special plaything of Xom.
You were not hungry.

You visited 3 branches of the dungeon, and saw 16 of its levels.
You also visited: Sewer.

You collected 3162 gold pieces.
You spent 306 gold pieces at shops.

Inventory:

Hand Weapons
 a - a +0 falchion of chaos
 c - a +1 double sword of electrocution (weapon)
 g - a +1 dagger of electrocution
 i - the +5 long sword of the Realm of Zot {venom, +Inv rN+ Int+5 Stlth-}
   (You found it on level 1 of the Lair of Beasts)

   It poisons the flesh of those it strikes.
   It affects your intelligence (+5).
   It protects you from negative energy.
   It lets you turn invisible.
   It makes you less stealthy.
 z - the +8 dagger of Oroojizi {venom, +Blink}
   (You found it on level 5 of the Dungeon)

   It poisons the flesh of those it strikes.
   It lets you blink.
 C - a +4 long sword
 F - a +1 falchion of electrocution
 L - a +0 long sword of protection
Missiles
 j - 2 throwing nets (quivered)
Armour
 m - a +1 pair of boots of stealth (worn)
 w - a scarf of repulsion (worn)
 y - a +0 pair of gloves (worn)
 A - a +2 hat (worn)
 D - a +0 shield (worn)
 E - the +5 chain mail of Weuppuox (worn) {Stlth+}
   (You bought it in a shop on level 7 of the Dungeon)

   It makes you more stealthy.
 K - a +1 cloak
 O - a +1 troll leather armour {Snorg}
Jewellery
 q - a +3 ring of dexterity (left hand)
 r - an uncursed ring of magical power
 s - an uncursed ring of resist corrosion
 t - a ring of protection from fire (right hand)
 x - an uncursed ring of ice
Wands
 b - a wand of flame (38)
 h - a wand of enslavement (4)
 o - a wand of paralysis (9)
 v - a wand of polymorph (20)
 J - a wand of random effects (13)
Scrolls
 d - 4 scrolls of fog
 e - 8 scrolls of teleportation
 f - 6 scrolls of enchant armour
 k - 2 scrolls of identify
 l - 4 scrolls of enchant weapon
 n - 6 scrolls of magic mapping
 p - 5 scrolls of fear
 u - 9 scrolls of remove curse
 B - a scroll of amnesia
 G - a scroll of summoning
 P - a scroll of torment
Miscellaneous
 I - a box of beasts
 N - a lightning rod (2/4)


   Skills:
 + Level 9.1 Fighting
 * Level 10.5 Long Blades
 + Level 7.4 Armour
 + Level 7.1 Dodging
 * Level 7.8 Shields
 + Level 10.0 Spellcasting
 + Level 5.7 Necromancy
 + Level 4.6 Translocations


You had 27 spell levels left.
You knew the following spells:

 Your Spells              Type           Power        Failure   Level  Hunger
a - Vampiric Draining     Necr           ####......   75%         3    N/A
b - Blink                 Tloc           N/A          67%         2    N/A

Your spell library contained the following spells:

 Spells                   Type           Power        Failure   Level  Hunger
 Animate Skeleton         Necr           N/A          41%         1    N/A
 Pain                     Necr           ####         41%         1    N/A
 Gell's Gravitas          Tloc           ###.......   87%         3    N/A
 Lesser Beckoning         Tloc           ###.......   87%         3    N/A
 Teleport Other           Tloc           ###.....     87%         3    N/A
 Shroud of Golubria       Chrm/Tloc      ##........   91%         2    N/A
 Confusing Touch          Hex            #.....       98%         1    N/A
 Sandblast                Erth           #.....       98%         1    N/A
 Shock                    Conj/Air       #...         98%         1    N/A
 Summon Butterflies       Summ           #.......     98%         1    N/A
 Animate Dead             Necr           N/A          98%         4    N/A
 Passwall                 Tmut/Erth      #.......     99%         2    N/A
 Swiftness                Chrm/Air       #.......     99%         2    N/A
 Passage of Golubria      Tloc           N/A          99%         4    N/A
 Call Canine Familiar     Summ           #.......     100%        3    N/A
 Confuse                  Hex            #.......     100%        3    N/A
 Static Discharge         Conj/Air       #.......     100%        3    N/A
 Stone Arrow              Conj/Erth      #.....       100%        3    N/A
 Airstrike                Air            #.........   100%        4    N/A
 Petrify                  Tmut/Erth      #.......     100%        4    N/A
 Summon Ice Beast         Ice/Summ       #.......     100%        4    N/A
 Lee's Rapid Deconstruct  Erth           #.........   100%        5    N/A
 Lightning Bolt           Conj/Air       #.........   100%        5    N/A
 Metabolic Englaciation   Hex/Ice        #.........   100%        5    N/A
 Summon Mana Viper        Hex/Summ       #.......     100%        5    N/A
 Yara's Violent Unravell  Hex/Tmut       #.........   100%        5    N/A
 Summon Hydra             Summ           #.........   100%        7    N/A
 Regeneration             Chrm/Necr      Unusable     N/A         3    N/A

Dungeon Overview and Level Annotations

Branches:
Dungeon (9/15)             Temple (0/1) D:4            Lair (6/6) D:9
 Shoals (0/4) Lair:2        Snake (0/4) Lair:4        Slime (0/5) Lair:6
    Orc (1/2) D:9

Altars:
Elyvilon
Fedhas
Gozag
Nemelex Xobeh
Qazlal
Ru
Xom
Yredelemnul
The Shining One

Shops:
D:4 (   D:7 [

Annotations:
D:3 2 transporters, grouchysmurf's ghost, amateur MfFi
D:9 1 runed translucent door, seIthillrisiriel's ghost, novice HuMo
Lair:3 exclusion: oklob plant


Innate Abilities, Weirdness & Mutations

You do not eat or drink.
Your flesh is vulnerable to fire.
You are immune to poison.
Your flesh is cold resistant. (rC+)
You are immune to negative energy. (rN+++)
You are immune to unholy pain and torment.
You can survive without breathing.
You are in touch with the powers of death.


Message History

You hit the shock serpent.
The shock serpent is almost dead.
The shock serpent shoots out a bolt of lightning at you!
The bolt of electricity hits you! x2
* * * LOW HITPOINT WARNING * * *
The shock serpent bites you but does no damage.
Unknown command.
You hit the shock serpent.
The shock serpent is almost dead.
The shock serpent's electric aura discharges, shocking you!
* * * LOW HITPOINT WARNING * * *
You block the shock serpent's attack.
The shock serpent shoots out a bolt of lightning at you!
The bolt of electricity hits you.
* * * LOW HITPOINT WARNING * * *
The bolt of electricity is repelled.
The shock serpent shoots out a bolt of lightning at you!
The bolt of electricity hits you!!
You die...
Xom bursts into laughter!

....[..P.........P.<.# #####..#.
..#PP.P........#..P.#### ####...#
..###.......<....#.....###.....##
..#...............#.............#
..##.....#.........##....P.#.#.##
...#^....#...?.#...##≈....≈≈..≈≈#
.....8..##...........≈≈≈≈≈≈≈.≈.≈#
........###.>....{.#.≈≈≈≈≈≈≈≈....
.......###..####@S§..†≈≈≈≈≈≈≈≈≈##
......####...# ##†.§≈≈≈≈..≈≈≈≈≈≈#
..8.....##..### #.≈..≈≈≈§.≈≈≈≈≈≈≈
....##.###....##...≈≈≈≈≈≈.≈≈≈≈.≈#
...##.####......#...≈≈≈≈§≈≈≈≈≈.##
..##..^..............≈≈≈≈≈≈§≈≈.#
###..##.P....##...P...≈≈≈≈≈≈...P#
.##P..#P.#...###.##....≈.≈.≈..P..
..............####*.#.≈≈≈


#YP You could see a shock serpent.

Vanquished Creatures
  Gastronok (Lair:1)
  A storm dragon (Lair:2)
  Snorg (Lair:4)
  5 hydras
  A catoblepas (Lair:6)
  4 death yaks (Lair:5)
  A lindwurm (Lair:6)
  A moth of wrath (Lair:6)
  3 black mambas (Lair:5)
  16 elephants
  A torpor snail (Lair:1)
  12 spiny frogs
  Joseph (D:7)
  4 komodo dragons
  2 rime drakes
  15 blink frogs
  7 dream sheep (Lair:4)
  5 hippogriffs
  Sigmund (D:3)
  20 yaks
  4 basilisks
  11 water moccasins
  10 porcupines
  2 sky beasts
  A phantom (D:6)
  6 orc warriors
  A black bear (Lair:4)
  3 ice beasts
  4 necrophages (D:8)
  8 ogres
  6 centaurs
  13 crocodiles
  A big kobold (Sewer)
  Blork the orc (D:3)
  11 bullfrogs
  4 scorpions
  3 killer bees (D:7)
  2 vampire bats (Lair:1)
  5 wights
  2 centaur zombies (D:5)
  3 crimson imps
  3 hounds
  2 jellies (D:7)
  9 orc wizards
  2 orc priests
  A bullfrog skeleton (D:5)
  A centaur skeleton (D:6)
  3 iguanas
  6 worker ants
  Natasha (thrice) (D:2)
  2 hell rats (Lair:2)
  3 hound zombies
  A howler monkey zombie (D:8)
  A howler monkey skeleton (D:6)
  16 adders
  4 gnolls
  7 river rats
  4 shadow imps
  An ooze (D:3)
  An adder skeleton (D:9)
  An adder zombie (D:5)
  3 worms
  4 dart slugs
  6 leopard geckos
  30 orcs
  12 bats
  4 giant cockroaches
  6 goblins
  8 hobgoblins
  7 jackals
  5 quokkas
  9 ball pythons
  8 frilled lizards
  A giant cockroach zombie (D:3)
  20 kobolds
  2 leopard gecko skeletons
  2 quokka skeletons
  A quokka zombie (D:9)
  33 rats
  3 fungi
438 creatures vanquished.

Vanquished Creatures (collateral kills)
  A komodo dragon (Lair:1)
  A hippogriff (Lair:1)
  A black bear (D:9)
  2 orcs
5 creatures vanquished.

Vanquished Creatures (others)
  An orc (D:4)
  A bush (D:8)
  29 fungi
  23 plants
54 creatures vanquished.

Grand Total: 497 creatures vanquished

Notes
Turn   | Place    | Note
-------+----------+-------------------------------------------
     0 | D:1      | ilSommo the Mummy Chaos Knight began the quest for the Orb.
     0 | D:1      | Reached XP level 1. HP: 18/18 MP: 1/1
   214 | D:1      | Reached skill level 1 in Dodging
   214 | D:1      | Reached XP level 2. HP: 17/24 MP: 2/2
   565 | D:1      | XOM: harmless Ice miscast
   612 | D:1      | Reached skill level 1 in Spellcasting
   721 | D:1      | XOM: god gift: 29 gold pieces
   927 | D:2      | Reached XP level 3. HP: 25/29 MP: 4/4
  1226 | D:2      | Found a sacrificial altar of Ru.
  1227 | D:2      | Found a white marble altar of Elyvilon.
  1229 | D:2      | Found a shimmering altar of Xom.
  1229 | D:2      | Found an opulent altar of Gozag.
  1417 | D:2      | XOM: 5-stop teleportation journey
  1555 | D:2      | Reached XP level 4. HP: 31/35 MP: 6/6
  1590 | D:2      | Noticed Natasha
  1600 | D:2      | Killed Natasha
  1916 | D:2      | XOM: medium Ice miscast
  1966 | D:2      | Noticed Natasha
  1980 | D:2      | Killed Natasha
  2068 | D:2      | XOM is BORED!
  2068 | D:2      | XOM: summons 4 hostile shadow creatures
  2530 | D:2      | Noticed Natasha
  2535 | D:2      | XOM: potion effect (might)
  2542 | D:2      | Killed Natasha
  2542 | D:2      | Reached XP level 5. HP: 38/41 MP: 8/8
  2637 | D:3      | XOM: harmless Ice miscast
  2695 | D:3      | XOM: cloud trail
  2972 | D:3      | Noticed grouchysmurf's ghost (amateur MfFi)
  2972 | D:3      | Noticed an ogre
  2973 | D:3      | Found a transporter.
  2973 | D:3      | Found a transporter.
  2975 | D:3      | Noticed an ogre
  2975 | D:3      | Noticed an ogre
  3006 | D:3      | XOM: medium Pois miscast
  3223 | D:3      | Noticed an ice beast
  3225 | D:3      | XOM: divination: magic mapping
  3238 | D:3      | XOM: confuse monster(s)
  3243 | D:3      | Killed an ice beast
  3243 | D:3      | Reached XP level 6. HP: 26/48 MP: 8/10
  3467 | D:3      | XOM: mild Hex miscast
  3504 | D:3      | Noticed Sigmund
  3522 | D:3      | Killed Sigmund
  3739 | D:4      | Found a staircase to the Ecumenical Temple.
  3744 | D:4      | XOM: destruction
  3751 | D:4      | Noticed Blork the orc
  3777 | D:3      | XOM: stat loss: -1 Dex (13/14)
  3922 | D:3      | Killed Blork the orc
  3922 | D:3      | Reached XP level 7. HP: 44/54 MP: 12/12
  3984 | D:4      | XOM: mild Tloc miscast
  4098 | D:4      | Found a glowing drain.
  4115 | Sewer    | Entered a sewer
  4124 | Sewer    | XOM: medium Conj miscast
  4139 | Sewer    | XOM: smoke on damage
  4143 | Sewer    | XOM: scenery: create altars
  4189 | Sewer    | XOM: cloud trail
  4550 | Sewer    | XOM: god gift: ration
  4701 | Sewer    | XOM: god gift: ration
  4713 | Sewer    | XOM: god gift: 8 steel javelins
  4734 | Sewer    | XOM: stat loss: -1 Dex (13/14)
  4917 | D:4      | Found a stormy altar of Qazlal.
  4961 | D:4      | XOM: noise
  4974 | D:4      | XOM: chaos upgrade
  5087 | D:4      | Found Saek's Weapon Shop.
  5116 | D:4      | XOM: 5-stop teleportation journey
  5254 | D:4      | XOM: stat loss: -1 Dex (12/14)
  5281 | D:4      | XOM: silly message
  5374 | D:4      | XOM: confuse monster(s)
  5379 | D:4      | Reached skill level 5 in Long Blades
  5616 | D:4      | XOM: summons 1 hostile shadow creature
  5886 | D:5      | Entered Level 5 of the Dungeon
  5920 | D:4      | XOM: severe Chrm miscast
  5927 | D:4      | Reached XP level 8. HP: 32/61 MP: 14/14
  6248 | D:5      | Found a sparkling altar of Nemelex Xobeh.
  6261 | D:5      | Got a transparent dagger
  6267 | D:5      | Identified the +8 dagger of Oroojizi {venom, +Blink} (You
                  | found it on level 5 of the Dungeon)
  6337 | D:5      | XOM: confusion (+ monsters)
  6490 | D:5      | Reached skill level 5 in Fighting
  6740 | D:5      | Found a basalt altar of Yredelemnul.
  6745 | D:5      | Found a glowing golden altar of the Shining One.
  6747 | D:5      | Noticed an angel
  6808 | D:5      | XOM is BORED!
  6808 | D:5      | XOM: summons 2 hostile demons
  6977 | D:6      | Found a sacrificial altar of Ru.
  7018 | D:6      | Reached skill level 5 in Spellcasting
  7032 | D:6      | XOM: enchant monster (good)
  7200 | D:6      | XOM: smoke on damage
  7447 | D:6      | Reached XP level 9. HP: 68/68 MP: 17/17
  7619 | D:7      | XOM: 7-stop teleportation journey
  7737 | D:7      | XOM: mild Tmut miscast
  7740 | D:7      | XOM: cast spell 'Disjunction'
  7934 | D:7      | Noticed Joseph
  7940 | D:7      | Found Byoh's Antique Armour Boutique.
  7949 | D:7      | XOM: summons 8 friendly demons
  7957 | D:7      | XOM: summons 7 friendly demons
  7975 | D:7      | Killed Joseph
  8071 | D:7      | Bought a shiny shield for 135 gold pieces
  8071 | D:7      | Bought a spiked chain mail for 171 gold pieces
  8086 | D:7      | Identified the +5 chain mail of Weuppuox {Stlth+} (You
                  | bought it in a shop on level 7 of the Dungeon)
  8088 | D:7      | Found a glowing golden altar of the Shining One.
  8294 | D:7      | Reached skill level 1 in Shields
  8668 | D:8      | XOM: fog
  8775 | D:8      | XOM: polymorph jackal -> dart slug
  8927 | D:8      | Reached skill level 5 in Armour
  8936 | D:8      | XOM: 7-stop teleportation journey
  9029 | D:8      | XOM: noise
  9135 | D:8      | Reached XP level 10. HP: 71/77 MP: 20/20
  9282 | D:8      | XOM: god gift: blowgun {god gift}
  9296 | D:8      | Found a blossoming altar of Fedhas.
  9542 | D:8      | XOM is BORED!
  9542 | D:8      | XOM: mild Erth miscast
  9665 | D:9      | Found a staircase to the Lair.
  9681 | D:8      | XOM: scenery: create altars
  9902 | D:9      | XOM: polymorph howler monkey -> jackal
  9927 | D:9      | XOM: confusion
 10126 | D:9      | Paralysed by an orc for 3 turns
 10162 | D:9      | XOM: noise
 10167 | D:9      | XOM: smoke on damage
 10184 | D:9      | XOM: confuse monster(s)
 10192 | D:9      | XOM: cast spell 'Call Canine Familiar'
 10201 | D:9      | XOM: enchant monster (good)
 10448 | D:9      | XOM: summons friendly white imp
 10494 | D:9      | Reached skill level 5 in Dodging
 10612 | D:9      | XOM: cloud trail
 10616 | D:9      | Found a staircase to the Orcish Mines.
 10810 | D:9      | Found a runed translucent door.
 10810 | D:9      | Noticed seIthillrisiriel's ghost (novice HuMo)
 11030 | D:9      | Identified a scroll of acquirement
 11048 | D:9      | XOM: god gift: wand of clouds (6)
 11124 | Orc:1    | XOM: noise
 11124 | Orc:1    | Entered Level 1 of the Orcish Mines
 11174 | Lair:1   | Entered Level 1 of the Lair of Beasts
 11224 | Orc:1    | Noticed an orc knight
 11224 | Orc:1    | XOM: confuse monster(s)
 11229 | Orc:1    | Noticed a cyclops
 11414 | Lair:1   | Got an ichor-stained long sword
 11415 | Lair:1   | Identified the +5 long sword of the Realm of Zot {venom,
                  | +Inv rN+ Int+5 Stlth-} (You found it on level 1 of the Lair
                  | of Beasts)
 11511 | Lair:1   | Learned a level 3 spell: Vampiric Draining
 11514 | Lair:1   | Learned a level 2 spell: Blink
 11525 | Lair:1   | XOM: summons friendly quasit
 11540 | Lair:1   | XOM: butterfly on damage
 11586 | Lair:1   | XOM: harmless Necr miscast
 11698 | Lair:1   | Noticed Gastronok
 11711 | Lair:1   | XOM: butterfly on damage
 11719 | Lair:1   | Killed Gastronok
 11719 | Lair:1   | Reached skill level 1 in Necromancy
 11719 | Lair:1   | Reached skill level 1 in Translocations
 11719 | Lair:1   | Reached XP level 11. HP: 31/84 MP: 22/22
 12410 | Lair:1   | XOM: noise
 12420 | Lair:2   | Noticed a five-headed hydra
 12588 | Lair:2   | Noticed a storm dragon
 12588 | Lair:2   | a five-headed hydra changed into a storm dragon
 12592 | Lair:2   | XOM: potion effect (might)
 12593 | Lair:2   | XOM: confuse monster(s)
 12668 | Lair:1   | XOM: harmless Conj miscast
 12898 | Lair:1   | XOM: medium Summ miscast
 12964 | Lair:1   | XOM: confuse monster(s)
 13185 | Lair:2   | XOM: enchant monster (bad)
 13375 | Lair:2   | XOM: noise
 13377 | Lair:2   | XOM: mild Chrm miscast
 13547 | Lair:1   | XOM: harmless Summ miscast
 13662 | Lair:2   | XOM: summons 4 friendly demons
 13667 | Lair:2   | XOM: scenery: create altars
 13675 | Lair:2   | XOM: smoke on damage
 13959 | Lair:2   | XOM: summons 2 hostile demons
 14054 | Lair:2   | Found a staircase to the Shoals.
 14054 | Lair:2   | XOM: blink monster(s)
 14059 | Lair:2   | Reached skill level 5 in Shields
 14148 | Lair:2   | XOM: blink monster(s)
 14162 | Lair:2   | XOM: noise
 14183 | Lair:2   | XOM: god gift: 37 gold pieces
 14281 | Lair:2   | XOM: confuse monster(s)
 14487 | Lair:1   | XOM: harmless Ice miscast
 14543 | Lair:1   | XOM: god gift: 2030 gold pieces
 14685 | Lair:2   | XOM: butterfly on damage
 14686 | Lair:2   | XOM: summons friendly shadow imp
 14690 | Lair:2   | HP: 4/85 [storm dragon/bolt of lightning (31)]
 14692 | Lair:2   | Killed a storm dragon
 14749 | Lair:2   | XOM: polymorph shadow imp -> iron imp
 15469 | Lair:3   | XOM: 1-stop teleportation journey
 15477 | Lair:3   | Noticed a four-headed hydra
 15477 | Lair:3   | XOM: cast spell 'Summon Butterflies'
 15483 | Lair:3   | Noticed an oklob plant
 15489 | Lair:3   | Killed a four-headed hydra
 15864 | Lair:3   | XOM: 2-stop teleportation journey
 15938 | Lair:3   | XOM: divination: detect creatures
 15941 | Lair:3   | Reached XP level 12. HP: 91/92 MP: 24/24
 16071 | Lair:3   | XOM: polymorph crocodile -> scorpion
 16127 | Lair:3   | XOM: mild Conj miscast
 16138 | Lair:3   | XOM: mild Pois miscast
 16141 | Lair:3   | Noticed an eight-headed hydra
 16179 | Lair:3   | Got a fabulously ornate robe
 16412 | Lair:3   | Killed an eight-headed hydra
 16955 | Lair:3   | XOM: cloud trail
 16963 | Lair:3   | Found a basalt altar of Yredelemnul.
 16977 | Lair:3   | Identified the +2 robe of the Boiling Point {rPois Int+4}
                  | (You found it on level 3 of the Lair of Beasts)
 16980 | Lair:3   | XOM: harmless Ice miscast
 17125 | Lair:4   | XOM: medium Air miscast
 17138 | Lair:4   | XOM: medium Chrm miscast
 17149 | Lair:4   | XOM: confuse monster(s)
 17163 | Lair:4   | XOM: swap monsters
 17285 | Lair:4   | XOM: silly message
 17343 | Lair:4   | XOM: noise
 17422 | Lair:4   | XOM: enchant monster (bad)
 17431 | Lair:4   | HP: 2/92 [something (9)]
 18030 | Lair:4   | Found a staircase to the Snake Pit.
 18111 | Lair:4   | XOM: medium Tloc miscast
 18158 | Lair:4   | Noticed Snorg
 18158 | Lair:4   | XOM: cleaving
 18167 | Lair:4   | Killed Snorg
 18420 | Lair:4   | XOM: enchant monster (bad)
 18668 | Lair:4   | XOM: harmless Conj miscast
 19105 | Lair:5   | XOM: 3-stop teleportation journey
 19160 | Lair:5   | XOM: medium Necr miscast
 19420 | Lair:5   | Noticed a death yak
 19421 | Lair:5   | XOM: harmless Fire miscast
 19425 | Lair:5   | XOM: confuse monster(s)
 19441 | Lair:5   | Noticed a death yak
 19442 | Lair:5   | Killed a death yak
 19442 | Lair:5   | Noticed a death yak
 19442 | Lair:5   | Noticed a death yak
 19446 | Lair:5   | XOM: scenery: create altars
 19450 | Lair:5   | XOM: harmless Conj miscast
 19656 | Lair:5   | XOM: swap monsters
 19657 | Lair:5   | XOM: mild Conj miscast
 19670 | Lair:5   | XOM: summons 3 hostile demons
 19678 | Lair:5   | XOM: enchant monster (bad)
 19689 | Lair:5   | Killed a death yak
 19696 | Lair:5   | XOM: blink monster(s)
 19699 | Lair:5   | XOM: severe Ice miscast
 19706 | Lair:5   | Killed a death yak
 19706 | Lair:5   | Reached skill level 10 in Long Blades
 19710 | Lair:5   | Killed a death yak
 19710 | Lair:5   | Gained mutation: You are in touch with the powers of death.
                  | [Mummy growth]
 19710 | Lair:5   | Reached XP level 13. HP: 46/99 MP: 26/26
 19762 | Lair:5   | XOM: stat loss: -1 Str (19/20)
 20131 | Lair:6   | Entered Level 6 of the Lair of Beasts
 20136 | Lair:5   | XOM: blink monster(s)
 20276 | Lair:6   | Found a staircase to the Slime Pits.
 20318 | Lair:6   | XOM: divination: detect items
 20346 | Lair:6   | XOM: summons 2 friendly demons
 20397 | Lair:5   | XOM: divination: magic mapping
 20764 | Lair:5   | Reached skill level 5 in Necromancy
 21254 | Lair:6   | XOM: cast spell 'Summon Butterflies'
 21258 | Lair:6   | XOM: cast spell 'Metabolic Englaciation'
 21274 | Lair:6   | XOM: divination: detect items
 21303 | Lair:6   | XOM: divination: magic mapping
 21369 | Lair:6   | XOM: cast spell 'Summon Small Mammal'
 21371 | Lair:6   | XOM: confuse monster(s)
 21376 | Lair:6   | XOM: enchant monster (good)
 21421 | Lair:6   | XOM: silly message
 21621 | Lair:6   | XOM: divination: magic mapping
 21624 | Lair:6   | XOM: cast spell 'Leda's Liquefaction'
 21647 | Lair:6   | XOM: harmless Erth miscast
 21648 | Lair:6   | XOM: harmless Necr miscast
 21675 | Lair:6   | XOM: harmless Necr miscast
 22026 | Lair:6   | XOM: confuse monster(s)
 22182 | Lair:6   | XOM: butterfly on damage
 22185 | Lair:6   | Reached skill level 10 in Spellcasting
 22204 | Lair:6   | XOM: harmless Chrm miscast
 22386 | Lair:6   | XOM: chaos cloud
 22388 | Lair:6   | Paralysed by you for 2 turns
 22390 | Lair:6   | XOM: 2-stop teleportation journey
 22493 | Lair:6   | XOM: polymorph komodo dragon -> moth of wrath
 22503 | Lair:6   | XOM: blink monster(s)
 22513 | Lair:6   | XOM: chaos cloud
 22519 | Lair:6   | XOM: medium Hex miscast
 22532 | Lair:6   | Killed from afar by a shock serpent

Skill      XL: |  1  2  3  4  5  6  7  8  9 10 11 12 13 |
---------------+----------------------------------------+-----
Dodging        | 1 2 3 4 5 6 7 |  7.1
Spellcasting   | 1 2 3 4 5 6 7 8 9 10 | 10.0
Long Blades    | 3 4 5 6 7 8 9 10 | 10.5
Armour         | 2 3 4 5 6 7 |  7.4
Fighting       | 4 5 6 7 8 9 |  9.1
Shields        | 2 4 5 6 7 |  7.8
Necromancy     | 1 3 4 5 |  5.7
Translocations | 1 2 3 4 |  4.6

Action                   |  1- 3 |  4- 6 |  7- 9 | 10-12 | 13-15 || total
-------------------------+-------+-------+-------+-------+-------++-------
Melee: Dagger            |   118 |   202 |   524 |   104 |    15 ||   963
       Falchion          |     7 |       |       |    58 |       ||    65
       Long sword        |       |       |    70 |    58 |       ||   128
       Double sword      |       |       |       |   511 |   244 ||   755
Throw: Javelin           |       |       |       |     9 |       ||     9
Evoke: Wand              |       |       |       |    16 |    19 ||    35
       Lightning rod     |       |       |       |       |     4 ||     4
  Use: Scroll            |       |       |     5 |    16 |     2 ||    23
 Stab: Confused          |       |       |     1 |     5 |       ||     6
       Paralysed         |       |       |     1 |       |     3 ||     4
       Distracted        |       |       |       |     1 |       ||     1
Armor: Leather armour    |    39 |    20 |       |       |       ||    59
       Chain mail        |       |    49 |   311 |   378 |   176 ||   914
       Troll leather arm |       |       |       |     3 |       ||     3
Dodge: Dodged            |    77 |    71 |   241 |   212 |   116 ||   717
       Deflected         |       |       |       |     6 |     1 ||     7
Block: Shield            |       |       |    64 |   354 |   181 ||   599
       Rpst.: Falchion   |     1 |       |       |     5 |       ||     6
       Long sword        |       |       |     6 |     3 |       ||     9
       Double sword      |       |       |       |    41 |    21 ||    62
